 Dungeon Crawl Stone Soup version 0.27-a0-972-gd1521fd518 (webtiles) character file.

Game seed: 7803436872132018078

189 Alarkh the Insei (level 5, 0/39 HPs)
             Began as a Demonspawn Transmuter on Apr 13, 2021.
             Slain by an orc wizard
             ... wielding a +0 dagger
              (4 damage)
             ... on level 2 of the Dungeon.
             The game lasted 00:02:27 (1904 turns).

Alarkh the Insei (Demonspawn Transmuter)            Turns: 1904, Time: 00:02:28

Health: 0/39       AC:  4    Str: 10    XL:     5   Next: 40%
Magic:  9/9        EV: 12    Int: 15    God:
Gold:   92         SH:  0    Dex: 14    Spells: 8/9 levels left

rFire    + . .     SeeInvis .     - Unarmed
rCold    + . .     Faith    .   (no shield)
rNeg     . . .     Spirit   .   a - +0 robe
rPois    +         Reflect  .   (helmet currently unavailable)
rElec    +         Harm     .   (no cloak)
rCorr    +         Rampage  .   (no gloves)
Will     .....                  (boots currently unavailable)
Stlth    +.........             (no amulet)
HPRegen  0.13/turn              (no ring)
MPRegen  0.11/turn              (no ring)

@: confused, brilliant, appendages (expiring), resistant, flying
A: horns 2, talons 2, sharp scales 2
a: End Transformation


You were on level 2 of the Dungeon.
You had temporarily grown beastly horns and talons.
You visited 1 branch of the dungeon, and saw 3 of its levels.

You collected 92 gold pieces.

Inventory:

Armour
 a - a +0 robe (worn)
Jewellery
 d - a ring of protection from cold
Scrolls
 b - 2 scrolls of teleportation
 c - a scroll of blinking {unknown}
 e - a scroll of enchant armour {unknown}
 f - a scroll of identify {unknown}
 g - 2 scrolls of noise {unknown}


   Skills:
 + Level 2.4 Fighting
 - Level 1.7 Dodging
 * Level 4.1 Unarmed Combat
 + Level 2.8 Spellcasting
 + Level 2.7 Transmutations


You had 8 spell levels left.
You knew the following spells:

 Your Spells              Type           Power      Damage    Failure   Level
a - Beastly Appendage     Tmut           30%        N/A       7%          1

Your spell library contained the following spells:

 Spells                   Type           Power      Damage    Failure   Level
 Wereblood                Tmut           15%        N/A       10%         2
 Spider Form              Tmut/Pois      4%         N/A       34%         3
 Ice Form                 Ice/Tmut       9%         N/A       75%         4
 Hydra Form               Tmut           7%         N/A       88%         5


Dungeon Overview and Level Annotations

Branches:
Dungeon (3/15)

Altars:


Innate Abilities, Weirdness & Mutations

You have temporarily grown beastly horns and talons.
You are mostly covered in razor-sharp scales. (AC +2, Slay +2)


Message History

The orc wizard flickers and vanishes!
Deactivating autopickup; reactivate with Ctrl-A.
The orc hits you with a +0 dagger.
You hit the orc.
The orc is moderately wounded.
The orc barely misses you.
You hit the orc. You claw the orc, but do no damage.
The orc is severely wounded.
The orc hits you with a +0 dagger.
You barely miss the orc. Your kick misses the orc.
You headbutt the orc, but do no damage.
The orc is severely wounded.
Your transformation is almost over.
You punch the orc!
You kill the orc!
You hit something. Something barely misses you.
You barely miss something. You claw something.
You hear some strange, mumbled words.
A magic dart appears from out of thin air!
The magic dart hits you.
* * * LOW HITPOINT WARNING * * *
You closely miss something.
You hear some strange, mumbled words.
A magic dart appears from out of thin air!
The magic dart hits you!
* * * LOW HITPOINT WARNING * * *
It was a potion of resistance.
You feel protected. Something hits you but does no damage.
It was a potion of brilliance.
You feel clever all of a sudden.
You hear some strange, mumbled words.
You are confused.
It was a potion of flight.
You feel very buoyant.
You fly up into the air.
Something barely misses you.
You hear some strange, mumbled words.
You are more confused.
You bump into the rock wall.
Something hits you.
You die...

#.# ##....#### #.#
#.......# ### #.#
#.....#.###.# #.#
#...........## #.#
#....####..... #.## ######
#...## #..# ####)#..#
#####.####### #..>.##..
##.....#@....####.#.#####
##......>{.........#.#####
#.<.......).....###.....##
#...............##......##
#...............#.......#
#...............#.##.##.#
#...............#.##.##.#
#...............#.#..##.##
##........................


There were no monsters in sight!

Vanquished Creatures
  Jessica (D:2)
  A centaur skeleton (D:3)
  Natasha (twice) (D:2)
  2 gnolls
  An adder (D:2)
  2 dart slugs (D:1)
  2 orcs
  2 ball pythons
  6 bats
  6 endoplasms
  2 giant cockroaches
  6 goblins
  6 hobgoblins
  4 kobolds (D:1)
  2 quokkas (D:1)
  A frilled lizard (D:1)
  3 rats (D:1)
49 creatures vanquished.

Notes
Turn   | Place    | Note
-------+----------+-------------------------------------------
     0 | D:1      | Alarkh the Demonspawn Transmuter began the quest for the
                  | Orb.
     0 | D:1      | Reached XP level 1. HP: 15/15 MP: 3/3
    16 | D:1      | Gained mutation: You are partially covered in razor-sharp
                  | scales. (AC +1, Slay +1) [demonic ancestry]
    16 | D:1      | Reached XP level 2. HP: 17/21 MP: 3/5
    40 | D:1      | Reached skill level 3 in Unarmed Combat
   241 | D:1      | Reached XP level 3. HP: 21/26 MP: 4/6
   257 | D:1      | Found a faded altar of an unknown god.
   934 | D:2      | Noticed Natasha
   935 | D:2      | Noticed Jessica
   939 | D:2      | Killed Jessica
   940 | D:2      | Reached XP level 4. HP: 17/33 MP: 7/7
   969 | D:2      | Killed Natasha
  1303 | D:2      | Noticed Natasha
  1307 | D:2      | Killed Natasha
  1308 | D:2      | Gained mutation: You are mostly covered in razor-sharp
                  | scales. (AC +2, Slay +2) [demonic ancestry]
  1308 | D:2      | Reached XP level 5. HP: 13/38 MP: 5/9
  1619 | D:3      | Reached skill level 4 in Unarmed Combat
  1904 | D:2      | Slain by an orc wizard

Illustrated notes

Levels and vault maps discovered:
D:1:      erik_arrival_cave_to_civilisation [erik_arrival_cave_to_hall],
          layout_rooms, hellmonk_ecumenical_altar_prayer_group
D:2:      layout_rooms, serial_park_tiny_pond, uniq_jessica, uniq_natasha
D:3:      layout_rooms, minmay_goblin_outpost

Skill      XL: |  1  2  3  4  5 |
---------------+----------------+-----
Unarmed Combat | 3 4 |  4.1
Transmutations | 2 |  2.7
Fighting       | 2 |  2.4
Dodging        | |  1.7
Spellcasting   | |  2.8

Action                   |  1- 3 |  4- 6 || total
-------------------------+-------+-------++-------
Melee: Unarmed           |    76 |    51 ||   127
       Kick              |    16 |     7 ||    23
       Headbutt          |     8 |     5 ||    13
 Cast: Beastly Appendage |    21 |     8 ||    29
  Use: Potion            |       |     5 ||     5
       Scroll            |       |     1 ||     1
Armor: Robe              |    14 |    13 ||    27
Dodge: Dodged            |    45 |    31 ||    76

Table legend: (Time is in decaauts)
 A = Elapsed time spent in this place.
 B = Non-inter-level travel time spent in this place.
 C = Inter-level travel time spent in this place.
 D = Time resting spent in this place.
 E = Time spent auto-exploring this place.
 F = Levels seen in this place.
 G = Mean time per level.
                   A        B        C        D        E       F      G
               +--------+--------+--------+--------+--------+-----+--------+
         Total |   1898 |   1773 |    125 |    430 |   1011 |   3 |  632.7 |
       Dungeon |   1898 |   1773 |    125 |    430 |   1011 |   3 |  632.7 |
               +--------+--------+--------+--------+--------+-----+--------+

Top non-repeatable levels by time:
     D:2: 1124 daAuts
     D:1: 710 daAuts
     D:3: 63 daAuts
